 Dungeon Crawl Stone Soup version 0.30-a0-672-gc3a7216ad8 (webtiles) character file.

Game seed: 12719430023489098912

515830 ryw the Slayer (level 25, -3/162 HPs)
             Began as a Gargoyle Fighter on Jan 18, 2023.
             Was the Champion of the Shining One.
             Killed from afar by a quicksilver dragon (40 damage)
             ... with a bolt of dispelling energy
             ... on level 5 of the Vaults.
             The game lasted 02:28:27 (59235 turns).

ryw the Slayer (Gargoyle Fighter)                  Turns: 59235, Time: 02:28:28

Health: -3/162     AC: 53    Str: 33    XL:     25   Next: 18%
Magic:  26/28      EV: 14    Int:  9    God:    the Shining One [******]
Gold:   5450       SH: 27    Dex:  5    Spells: 24/24 levels left

rFire   + . .      SeeInvis +    C - +9 broad axe (holy)
rCold   + . .      Faith    .    P - +3 tower shield
rNeg    + + +      Spirit   .    G - +5 plate armour {rN+}
rPois   ∞          Reflect  +    T - +2 hat {Will+}
rElec   +          Harm     .    u - scarf {repulsion}
rCorr   +          Rampage  +    y - +2 pair of gloves of Refuge {Fly rF+ rC+}
Will    ++...                    c - +1 pair of boots of Biureo Coich {Rampage Str+3 SInv} Stlth
                                 U - amulet "Tas Ceku" {Reflect rN+ Regen+ SH+5 SInv}
HPRegen 1.27/turn                X - ring "Rarra" {EV+5 Slay+3}
MPRegen 0.21/turn                d - ring of Diquydgh {rElec rN+ rCorr Dex-4 SInv}

@: flying, glowing, studying 2 skills, repel missiles, unable to read, unable to
drink
A: sickness immunity, AC +19, big wings, negative energy resistance 1,
electricity resistance, torment resistance 1, petrification resistance, frail 1,
low MP 1, weak 1, inability to drink after injury 1, inability to read after
injury 1
}: 3/15 runes: barnacled, slimy, gossamer
a: Renounce Religion, Divine Shield, Cleansing Flame, Summon Divine Warrior


You were on level 5 of the Vaults.
You worshipped the Shining One.
The Shining One was exalted by your worship.
You visited 10 branches of the dungeon, and saw 47 of its levels.
You also visited: Gauntlet and Ice Cave.

You collected 6965 gold pieces.
You spent 1317 gold pieces at shops.
You donated 198 gold pieces to Zin.

Inventory:

Hand Weapons
 C - a +9 broad axe of holy wrath (weapon)
 V - the +8 broad axe of Overwhelming Force {freeze, rF- Dex+4}
   (You acquired it on level 2 of the Spider Nest)

   Dex:       It affects your dexterity (+4).
   rF:        It makes you vulnerable to fire.
 Z - a +5 broad axe of flaming
Missiles
 O - 21 javelins (quivered)
Armour
 c - the +1 pair of boots of Biureo Coich (worn) {Rampage Str+3 SInv}
   (You found it in a Gauntlet)

   Str:       It affects your strength (+3).
   SInv:      It lets you see invisible.
   Rampage:   It bestows one free step when moving towards enemies.
 u - a scarf of repulsion (worn)
 y - the +2 pair of gloves of Refuge (worn) {Fly rF+ rC+}
   (You found it on level 7 of the Dungeon)

   rF:        It protects you from fire.
   rC:        It protects you from cold.
   Fly:       It grants you flight.
 G - a +5 plate armour of positive energy (worn)
 P - a +3 tower shield (worn)
 T - a +2 hat of willpower (worn)
Jewellery
 a - a +4 ring of slaying
 d - the ring of Diquydgh (right hand) {rElec rN+ rCorr Dex-4 SInv}
   (You found it on level 3 of the Elven Halls)

   [ring of positive energy]

   Dex:       It affects your dexterity (-4).
   rElec:     It insulates you from electricity.
   rN:        It protects you from negative energy.
   SInv:      It lets you see invisible.
   rCorr:     It protects you from acid and corrosion.
 i - the amulet of Vitality {RegenMP++ Regen++}
   (You found it on level 5 of the Pits of Slime)

   [amulet of magic regeneration]

   It increases your rate of magic regeneration.
   Regen:     It increases your rate of health regeneration.
   The Shining One disapproves of the use of such an item.
 j - a ring of protection from fire
 q - a ring of see invisible
 z - a ring of protection from cold
 L - the amulet "Ekitwuti" {Reflect Will+ SH+5}
   (You found it on level 5 of the Pits of Slime)

   [amulet of reflection]

   It reflects blocked missile attacks.
   SH:        It affects your SH (+5).
   Will:      It increases your willpower.
 R - the ring "Ulo Lada" {*Corrode AC+4 Int+9 SInv}
   (You took it off a deep elf pyromancer on level 3 of the Elven Halls)

   [ring of protection]

   AC:        It affects your AC (+4).
   Int:       It affects your intelligence (+9).
   SInv:      It lets you see invisible.
   *Corrode:  It may corrode you when you take damage.
 U - the amulet "Tas Ceku" (around neck) {Reflect rN+ Regen+ SH+5 SInv}
   (You took it off a deep elf death mage on level 2 of the Elven Halls)

   [amulet of reflection]

   It reflects blocked missile attacks.
   rN:        It protects you from negative energy.
   SInv:      It lets you see invisible.
   Regen:     It increases your rate of health regeneration.
   SH:        It affects your SH (+5).
 X - the ring "Rarra" (left hand) {EV+5 Slay+3}
   (You bought it in a shop on level 2 of the Orcish Mines)

   [ring of evasion]

   EV:        It affects your evasion (+5).
   Slay:      It affects your accuracy & damage with ranged weapons and melee
   (+3).
Wands
 b - a wand of charming (25)
 v - a wand of flame (69)
 x - a wand of digging (14)
 B - a wand of mindburst (36)
 D - a wand of roots (21)
 F - a wand of polymorph (11)
 J - a wand of light (26)
Scrolls
 f - 3 scrolls of brand weapon
 g - 14 scrolls of magic mapping
 n - 10 scrolls of teleportation
 p - 6 scrolls of fog
 r - 6 scrolls of poison
 s - a scroll of enchant armour
 I - a scroll of enchant weapon
 N - 21 scrolls of identify
 S - 3 scrolls of blinking
 W - 3 scrolls of fear
Potions
 e - 10 potions of invisibility
 h - 21 potions of curing
 k - 11 potions of brilliance
 l - 3 potions of flight
 m - 2 potions of cancellation
 o - 5 potions of attraction
 t - 5 potions of haste
 w - 8 potions of heal wounds
 A - 10 potions of ambrosia
 E - 7 potions of resistance
 H - 9 potions of lignification
 M - 6 potions of magic
 Q - a potion of berserk rage
 Y - 5 potions of might


   Skills:
 + Level 24.3 Fighting
 - Level 20.0 Axes
 - Level 10.0 Throwing
 + Level 22.7 Armour
 - Level 5.0 Dodging
 + Level 21.2 Shields
 - Level 12.0 Invocations


You had 24 spell levels left.
You didn't know any spells.
Your spell library contained the following spells:

 Spells                   Type           Power      Damage    Failure   Level
 Apportation              Tloc           0%         N/A       94%         1
 Foxfire                  Conj/Fire      0%         2x1d4     94%         1
 Freeze                   Ice            0%         1d3       94%         1
 Magic Dart               Conj           0%         1d3       94%         1
 Shock                    Conj/Air       0%         1d3       94%         1
 Slow                     Hex            0%         N/A       94%         1
 Sting                    Tmut/Pois      0%         1d3       94%         1
 Summon Small Mammal      Summ           0%         N/A       94%         1
 Blink                    Tloc           0%         N/A       98%         2
 Ensorcelled Hibernation  Hex/Ice        0%         N/A       98%         2
 Passwall                 Tmut/Erth      0%         N/A       98%         2
 Searing Ray              Conj           0%         2d4       98%         2
 Call Canine Familiar     Summ           0%         N/A       100%        3
 Confusing Touch          Hex            0%         N/A       100%        3
 Frozen Ramparts          Ice            0%         1d1       100%        3
 Ignite Poison            Fire/Tmut/Pois 0%         N/A       100%        3
 Kindle Blastsparks       Fire/Tloc/Air  0%         2d10      100%        3
 Portal Projectile        Hex/Tloc       0%         N/A       100%        3
 Summon Guardian Golem    Hex/Summ       0%         N/A       100%        3
 Swiftness                Air            0%         N/A       100%        3
 Tukima's Dance           Hex            0%         N/A       100%        3
 Vampiric Draining        Necr           0%         2d6       100%        3
 Vhi's Electric Charge    Tloc/Air       0%         N/A       100%        3
 Airstrike                Air            0%         2d(0-16)  100%        4
 Animate Armour           Summ/Erth      0%         N/A       100%        4
 Flame Wave               Conj/Fire      0%         2d4       100%        4
 Fulminant Prism          Conj/Hex       0%         3d5       100%        4
 Ice Form                 Ice/Tmut       0%         N/A       100%        4
 Iskenderun's Mystic Bla  Conj/Tloc      0%         2d3       100%        4
 Leda's Liquefaction      Hex/Erth       0%         N/A       100%        4
 Manifold Assault         Tloc           0%         N/A       100%        4
 Olgreb's Toxic Radiance  Pois           0%         N/A       100%        4
 Passage of Golubria      Tloc           0%         N/A       100%        4
 Sticky Flame             Conj/Fire      0%         2d3       100%        4
 Summon Ice Beast         Ice/Summ       0%         N/A       100%        4
 Summon Lightning Spire   Summ/Air       0%         N/A       100%        4
 Alistair's Intoxication  Tmut/Pois      0%         N/A       100%        5
 Arcjolt                  Conj/Air       0%         1d10      100%        5
 Blade Hands              Tmut           0%         N/A       100%        5
 Borgnjor's Vile Clutch   Necr/Erth      0%         N/A       100%        5
 Fireball                 Conj/Fire      0%         3d3       100%        5
 Freezing Cloud           Conj/Ice/Air   0%         6-21      100%        5
 Iskenderun's Battlesphe  Conj           0%         2d6       100%        5
 Lee's Rapid Deconstruct  Erth           0%         3d4*      100%        5
 Lightning Bolt           Conj/Air       0%         1d11      100%        5
 Metabolic Englaciation   Hex/Ice        0%         N/A       100%        5
 Silence                  Hex/Air        0%         N/A       100%        5
 Summon Forest            Summ/Tloc      0%         N/A       100%        5
 Conjure Ball Lightning   Conj/Air       0%         3x3d6     100%        6
 Simulacrum               Ice/Necr       0%         N/A       100%        6
 Starburst                Conj/Fire      0%         6d3       100%        6
 Haunt                    Necr/Summ      0%         N/A       100%        7
 Orb of Destruction       Conj           0%         9d5       100%        7
 Ozocubu's Refrigeration  Ice            0%         4d7       100%        7
 Storm Form               Tmut/Air       0%         N/A       100%        7
 Discord                  Hex            0%         N/A       100%        8
 Disjunction              Tloc           0%         N/A       100%        8
 Ignition                 Fire           0%         3d3       100%        8
 Lehudib's Crystal Spear  Conj/Erth      0%         10d2      100%        8
 Maxwell's Capacitive Co  Air            0%         ∞         100%        8
 Polar Vortex             Ice            0%         N/A       100%        9
 Shatter                  Erth           0%         3d5*      100%        9
 Statue Form              Tmut/Erth      Unusable   N/A       N/A         6

Dungeon Overview and Level Annotations

Branches:
Dungeon (15/15)            Temple (1/1) D:5            Lair (5/5) D:8
 Shoals (4/4) Lair:3       Spider (4/4) Lair:2        Slime (5/5) Lair:4
    Orc (2/2) D:10            Elf (3/3) Orc:2        Vaults (4/5) D:14
  Crypt (3/3) Vaults:2       Tomb (0/3) Crypt:3      Depths (0/4) D:15
  IceCv (visited)         Gauntlet (visited)

Altars:
Ashenzari
Cheibriados
Dithmenos
Elyvilon
Fedhas
Gozag
Hepliaklqana
Kikubaaqudgha
Makhleb
Nemelex Xobeh
Okawaru
Qazlal
Ru
Sif Muna
Trog
Uskayaw
Vehumet
Wu Jian
Xom
Yredelemnul
Zin
The Shining One
Jiyva

Shops:
D:3 [   Orc:1 :   Orc:2 =!(:   Elf:3 ::=   Shoals:2 [   Vaults:1 :   Vaults:3 :

Annotations:
D:5 3 runed translucent doors, timneilson's ghost, amateur DsGl
Lair:2 2 transporters, Juisar's ghost, journeyman HOFi
Spider:4 2 transporters, Vylera's ghost, adept DjIE
Vaults:5 Frederick


Innate Abilities, Weirdness & Mutations

You are immune to sickness and miasma.
Your stone body is resilient. (AC +19)
You are immune to poison.
Your large and strong wings let you fly.
You resist negative energy. (rN+)
You are resistant to electric shocks. (rElec)
You are resistant to unholy torment.
You are immune to petrification.
You are frail. (-10% HP)
Your magical capacity is low. (-10% MP)
You are weak. (Str -2)
You occasionally lose the ability to drink potions when taking damage.
You occasionally lose the ability to read scrolls when taking damage.


Message History

You kill the stone giant!
The deep elf demonologist mumbles some strange words.
Send 'em back where they came from!
The Shining One protects your fellow warrior from evil magic!
Frederick points at you and mumbles some strange words.
The bolt of cold hits you! You resist.
* * * LOW HITPOINT WARNING * * *
You slash Frederick!
Frederick is severely wounded.
You slash the quicksilver dragon!
You block the quicksilver dragon's attack. x2
Your angel barely misses Frederick.
Your angel hits Frederick with a +2 whip of holy wrath.
Frederick gestures at you while chanting.
The iron shot is repelled.
The deep elf demonologist gestures wildly while chanting.
Send 'em back where they came from!
The Shining One protects your fellow warrior from evil magic!
You slash Frederick!
Frederick is severely wounded.
You slash the quicksilver dragon!
The quicksilver dragon breathes dispelling energy at you.
The bolt of dispelling energy hits you!
* * * LOW HITPOINT WARNING * * *
Your angel hits Frederick with a +2 whip of holy wrath!
Your angel hits Frederick but does no damage.
The vault sentinel blows a loud note on a signal horn!
You block Frederick's attack.
You block the quicksilver dragon's attack.
The quicksilver dragon claws you but does no damage.
Your angel hits Frederick with a +2 whip of holy wrath.
Your angel hits Frederick but does no damage.
You hear a shout! x5
You slash Frederick!
Frederick is almost dead.
You slice the quicksilver dragon!!
The quicksilver dragon breathes dispelling energy at you.
The bolt of dispelling energy hits you!!!
You feel threatened and lose the ability to read scrolls!
You die...

..#.c##### ..# ..#.......
..#c.# ..#...D. .#..#
..#..####### .#..#
..)[)....... ..(#
..)......... ...# #
.)##################D.# ..#
.........)).†..)ADe.(.#....#
..............).@@C(.)p.....
#####################.......
....... ....... #######


You could see Frederick (ally target), a golden dragon, a quicksilver dragon
(catching breath), a stone giant, a deep elf demonologist, a vault sentinel and
a friendly angel (summoned).

Vanquished Creatures
  Mennas (Vaults:2)
  Sojobo (Vaults:3)
  Boris (Vaults:3)
  Margery (Vaults:2)
  A shard shrike (IceCv)
  Saint Roka (Vaults:3)
  Nikola (Spider:4)
  Arachne (Spider:2)
  A shard shrike zombie (Crypt:2)
  Jorgrun (Spider:1)
  Zenata (Vaults:4)
  A titan (Vaults:5)
  4 liches
  A quicksilver dragon (Vaults:5)
  7 deep elf blademasters
  5 ancient champions
  3 deep elf master archers (Elf:3)
  28 acid blobs
  3 sphinxes
  6 krakens
  Polyphemus (Shoals:2)
  Roxanne (Spider:1)
  The ghost of themarg the Spry, an adept GnTm of Nemelex Xobeh (Lair:2)
  3 tengu reavers
  Kirke (D:14)
  21 azure jellies
  A shadow dragon (Vaults:5)
  Donald (Slime:1)
  A storm dragon (Vaults:5)
  20 rockslimes
  7 revenants
  7 deep elf sorcerers
  The ghost of SensoryNuts the Executioner, a journeyman HOFi of Beogh (Shoals:3)
  3 emperor scorpions
  2 frost giants
  8 vault wardens
  A fire giant (Vaults:4)
  4 ghost moths
  Aizul (Shoals:3)
  3 curse skulls
  8 ghouls
  24 quicksilver oozes
  A deep elf elementalist (Elf:3)
  5 broodmothers (Spider:4)
  3 orc warlords
  2 war gargoyles (Vaults:1)
  12 very ugly things
  A reaper (Crypt:3)
  11 ironbound thunderhulks
  A juggernaut skeleton (Crypt:1)
  A vampire knight (Crypt:3)
  3 deep elf demonologists (Elf:3)
  Nessos (Lair:3)
  3 stone giants (Vaults:5)
  18 ironbound preservers
  A minotaur (Gauntlet)
  A white draconian (IceCv)
  8 deep elf annihilators
  7 spark wasps
  2 crystal guardians
  3 eidola
  13 dire elephants
  4 ettins
  5 merfolk impalers
  8 jiangshi
  4 merfolk javelineers
  14 yaktaur captains
  2 fire dragons (D:14)
  8 deep elf death magi
  5 entropy weavers
  A spectral spriggan (Crypt:3)
  A spriggan zombie (Crypt:1)
  2 deep elf high priests (Elf:3)
  2 ice dragons
  17 great orbs of eyes
  4 peacekeepers
  A quicksilver dragon zombie (Crypt:2)
  A fenstrider witch zombie (Crypt:1)
  5 jorogumos
  9 hydras
  3 radroaches
  22 vault guards
  6 catoblepae
  A spriggan skeleton (Crypt:1)
  21 centaur warriors
  3 death knights
  5 ogre magi
  2 alligator snapping turtles
  2 satyrs
  3 two-headed ogres
  16 ironbound frosthearts
  24 dancing weapons
  5 merfolk aquamancers
  9 boulder beetles
  9 death yaks
  A tengu warrior (D:15)
  4 vampire magi
  Urug (D:11)
  2 orc high priests (Elf:1)
  A shock serpent (shapeshifter) (Vaults:5)
  12 hell knights
  2 soul eaters
  Nergalle (Orc:2)
  2 spectral bunyips (Crypt:3)
  18 deep elf knights
  26 skeletal warriors
  17 shadow wraiths (Crypt:3)
  2 sixfirhies (Gauntlet)
  Lodul (D:11)
  4 pharaoh ants (Spider:2)
  2 spectral anacondas (Crypt:3)
  15 sea snakes
  4 sun moths
  37 deep trolls
  9 orb spiders
  2 glowing orange brains
  4 flayed ghosts
  4 wizards
  3 bog bodies
  9 deep elf archers
  5 necromancers
  25 deep elf zephyrmancers
  18 harpies
  A jorogumo zombie (Crypt:3)
  An orange crystal statue (IceCv)
  5 steelbarb worms
  A tengu zombie (Vaults:5)
  7 orc knights
  26 deep elf pyromancers
  10 lindwurms
  45 ugly things
  28 phantasmal warriors
  17 ironbound convokers
  21 wolf spiders
  3 stone giant zombies
  7 fauns
  9 orc sorcerers
  10 cyclopes
  4 shining eyes
  6 merfolk sirens
  11 manticores
  3 moths of wrath (Spider:4)
  A frost giant skeleton (D:15)
  6 elephants
  15 vault sentinels
  A stone giant skeleton (D:15)
  A guardian serpent (shapeshifter) (D:14)
  7 black mambas
  5 water nymphs
  An alligator snapping turtle zombie (Crypt:1)
  An eye of devastation (Slime:5)
  4 gargoyles
  5 demonic crawlers
  4 torpor snails
  7 cane toads
  2 human zombies (Vaults:5)
  30 yaktaurs
  A rime drake (shapeshifter) (D:14)
  7 freezing wraiths
  An unseen horror (shapeshifter) (Elf:1)
  A kobold demonologist (D:12)
  23 rime drakes
  A pale draconian skeleton (Crypt:3)
  3 orb spider zombies
  A white draconian skeleton (Crypt:3)
  A yaktaur skeleton (Vaults:5)
  A tengu conjurer (D:14)
  5 trolls
  A spectral merfolk (Shoals:4)
  16 polar bears
  23 merfolk
  12 komodo dragons
  10 meliai
  2 wolf spider simulacra (D:14)
  An ettin zombie (Crypt:2)
  4 wind drakes
  26 tarantellas
  A tarantella (shapeshifter) (D:15)
  An ice dragon zombie (Crypt:1)
  6 dream sheep
  11 blink frogs
  7 snapping turtles
  A boulder beetle zombie (Crypt:1)
  7 shadows (Crypt:3)
  6 air elementals (Elf:2)
  An alligator skeleton (Crypt:2)
  16 culicivoras
  2 ettin skeletons
  21 flying skulls
  24 jumping spiders
  96 slime creatures
  A spectral wind drake (Shoals:4)
  13 wraiths
  A satyr skeleton (Crypt:3)
  15 water elementals
  19 golden eyes
  3 hogs (D:14)
  83 yaks
  An alligator snapping turtle simulacrum (Shoals:4)
  Grum (D:11)
  A basilisk (D:11)
  A steam dragon (Lair:4)
  5 fire elementals
  7 vampire mosquitoes
  53 redbacks
  A sea snake simulacrum (Shoals:4)
  A water nymph zombie (Crypt:3)
  A warg (Orc:2)
  3 acid dragons
  An entropy weaver zombie (Crypt:3)
  A glowing shapeshifter zombie (Crypt:1)
  14 water moccasins
  Duvessa (D:6)
  An ice beast (D:7)
  15 orc warriors
  3 sky beasts
  4 black bears
  A deep troll simulacrum (Vaults:5)
  25 ogres
  A lindwurm zombie (Crypt:3)
  A manticore skeleton (Crypt:1)
  5 boggarts
  11 wolves
  A dream sheep skeleton (Crypt:1)
  20 centaurs
  A phantom (D:4)
  A swamp dragon skeleton (Crypt:2)
  4 kobold brigands
  A draconian zombie (Crypt:3)
  17 bullfrogs
  5 necrophages
  A scorpion (D:6)
  A gnoll sergeant (D:4)
  7 earth elementals
  A draconian skeleton (Crypt:2)
  7 wights
  Dowan (D:6)
  A snapping turtle simulacrum (Shoals:4)
  4 killer bees (D:11)
  6 merfolk simulacra (Shoals:4)
  2 electric eels
  4 howler monkeys
  2 hounds
  4 jellies
  2 gnoll boudas
  17 orc priests
  5 iguanas
  42 orc wizards
  An acid dragon skeleton (Crypt:1)
  11 gnolls
  2 adders
  3 shadow imps
  2 white imps
  An iguana skeleton (Crypt:1)
  4 worms
  2 dart slugs (D:1)
  54 orcs
  4 ball pythons
  4 bats
  A bat zombie (Crypt:2)
  12 endoplasms
  2 giant cockroaches
  A goblin (D:1)
  11 hobgoblins
  12 jackals
  A quokka (D:4)
  4 frilled lizards
  12 kobolds
  A quokka zombie (Crypt:1)
  2 rats (D:1)
  A rat zombie (Crypt:1)
  2 plants (Shoals:4)
  17 tentacles
2004 creatures vanquished.

Vanquished Creatures (collateral kills)
  the Royal Jelly (Slime:5)
  A sphinx (Vaults:5)
  A shadow dragon (Vaults:5)
  2 azure jellies
  A rockslime (Slime:4)
  A vault warden (Vaults:5)
  5 quicksilver oozes
  A deep elf demonologist (Vaults:5)
  A yaktaur captain (Vaults:5)
  A necromancer (Vaults:5)
  A meliai (Spider:1)
16 creatures vanquished.

Vanquished Creatures (others)
  A crystal guardian (Vaults:3)
  An orb spider (Spider:4)
  A water nymph (Shoals:4)
  A rime drake (IceCv)
  A culicivora (Spider:4)
  An ogre zombie (Crypt:2)
  10 demonic plants (Gauntlet)
  26 fungi
  141 plants
  48 tentacles
  23 withered plants
254 creatures vanquished.

Grand Total: 2274 creatures vanquished

Notes
Turn   | Place    | Note
-------+----------+-------------------------------------------
     0 | D:1      | ryw the Gargoyle Fighter began the quest for the Orb.
     0 | D:1      | Reached XP level 1. HP: 14/14 MP: 1/1
   136 | D:1      | Reached XP level 2. HP: 19/19 MP: 2/2
   412 | D:1      | Reached XP level 3. HP: 23/23 MP: 3/3
   413 | D:1      | Reached skill level 1 in Dodging
   576 | D:1      | Found a faded altar of an unknown god.
   967 | D:2      | Got the Quarto of the United Chill
  1172 | D:2      | Reached XP level 4. HP: 28/28 MP: 4/4
  1664 | D:3      | Found Yloukewa's Antique Armour Shoppe.
  2016 | D:3      | Reached XP level 5. HP: 14/32 MP: 5/5
  2271 | D:4      | Reached XP level 6. HP: 37/37 MP: 6/6
  2419 | D:4      | Found a bloodstained altar of Trog.
  2766 | D:4      | Found a radiant altar of Vehumet.
  2926 | D:3      | Reached skill level 5 in Axes
  3300 | D:5      | Entered Level 5 of the Dungeon
  3396 | D:4      | Reached skill level 4 in Fighting
  3396 | D:4      | Reached XP level 7. HP: 15/43 MP: 7/7
  4054 | D:6      | Reached XP level 8. HP: 46/48 MP: 8/8
  4296 | D:6      | Identified the +0 ring mail "Pamoshast" {Stlth+}
  4352 | D:6      | Noticed a yak
  4352 | D:6      | Noticed a yak
  5079 | D:5      | Found a runed translucent gate.
  5079 | D:5      | Found a runed translucent gate.
  5079 | D:5      | Found a runed translucent gate.
  5081 | D:5      | Noticed timneilson's ghost (amateur DsGl)
  5125 | D:5      | Found a blossoming altar of Fedhas.
  5226 | D:5      | Found a staircase to the Ecumenical Temple.
  5307 | Temple   | Entered the Ecumenical Temple
  5540 | Temple   | Became a worshipper of Zin the Law-Giver
  5540 | Temple   | Reached * piety under Zin
  5623 | D:5      | Found an ancient bone altar of Kikubaaqudgha.
  5758 | D:5      | Found a snail-covered altar of Cheibriados.
  6192 | D:6      | Found an ornate altar of the Wu Jian Council.
  6206 | D:6      | Found a shadowy altar of Dithmenos.
  6256 | D:6      | Noticed a yak
  6256 | D:6      | Noticed a yak
  6275 | D:6      | Noticed a yak
  6279 | D:6      | Noticed a yak
  6283 | D:6      | Killed a yak
  6284 | D:6      | Reached XP level 9. HP: 52/52 MP: 9/9
  6295 | D:6      | Reached skill level 5 in Fighting
  6312 | D:6      | Reached skill level 10 in Axes
  6508 | D:6      | Noticed Dowan
  6509 | D:6      | Noticed Duvessa
  6645 | D:6      | Killed Dowan
  6651 | D:6      | Killed Duvessa
  7016 | D:7      | Identified the +2 pair of gloves of Refuge {Fly rF+ rC+}
  7278 | D:7      | Reached XP level 10. HP: 59/59 MP: 10/10
  7420 | D:7      | Reached ** piety under Zin
  7693 | D:8      | Found a staircase to the Lair.
  7788 | D:8      | Found a broken altar of Ashenzari.
  8352 | D:8      | Found a burning altar of Makhleb.
  8678 | D:9      | Found a hazy altar of Hepliaklqana.
  8935 | D:9      | HP: 2/60 [acid dragon/splash of acid (10)]
  9229 | D:9      | Reached *** piety under Zin
  9303 | D:9      | Reached skill level 5 in Armour
  9570 | D:10     | Entered Level 10 of the Dungeon
  9582 | D:10     | Noticed a centaur warrior
  9586 | D:10     | Killed a centaur warrior
  9587 | D:10     | Reached skill level 6 in Fighting
  9670 | D:10     | Reached XP level 11. HP: 64/66 MP: 11/11
  9736 | D:10     | Noticed a four-headed hydra
  9753 | D:10     | Noticed an eight-headed hydra
  9778 | D:10     | Noticed an eight-headed hydra
  9787 | D:10     | HP: 1/66 [14-headed hydra (9)]
 10146 | Lair:1   | Entered Level 1 of the Lair of Beasts
 10373 | D:8      | Reached skill level 7 in Fighting
 11238 | Lair:1   | Reached skill level 8 in Fighting
 11603 | Lair:2   | Identified the +4 lajatang "Koutoc" {spect, Str+3 Stlth+}
 11609 | Lair:2   | Noticed Juisar's ghost (journeyman HOFi)
 11669 | Lair:2   | Found a transporter.
 11674 | Lair:2   | Found a transporter.
 11676 | Lair:2   | Reached **** piety under Zin
 11727 | Lair:2   | Reached XP level 12. HP: 73/73 MP: 12/12
 11825 | Lair:2   | Found a hole to the Spider Nest.
 13243 | Lair:3   | Reached skill level 15 in Axes
 13251 | Lair:3   | Reached skill level 5 in Dodging
 13262 | Lair:3   | Reached skill level 9 in Fighting
 13717 | Lair:3   | Found a staircase to the Shoals.
 13869 | Lair:3   | Noticed Nessos
 13878 | Lair:3   | HP: 2/76 [komodo dragon (21)]
 13882 | Lair:3   | Killed Nessos
 14475 | Lair:4   | Noticed a catoblepas
 14490 | Lair:4   | Killed a catoblepas
 14491 | Lair:4   | Reached XP level 13. HP: 66/80 MP: 13/13
 14679 | Lair:4   | Reached ***** piety under Zin
 14936 | Lair:4   | Reached skill level 10 in Armour
 15194 | D:3      | Bought a shiny plate armour for 650 gold pieces
 15494 | Lair:4   | Reached skill level 10 in Fighting
 15745 | Lair:4   | Found a staircase to the Slime Pits.
 16061 | Lair:5   | Entered Level 5 of the Lair of Beasts
 17600 | Lair:5   | Reached skill level 11 in Fighting
 18254 | Lair:5   | Gained mutation: Your large and strong wings let you fly.
                  | [Gargoyle growth]
 18254 | Lair:5   | Reached XP level 14. HP: 90/90 MP: 14/14
 18632 | Lair:5   | Reached ****** piety under Zin
 19672 | D:10     | Reached skill level 1 in Invocations
 20138 | D:10     | Found a white marble altar of Elyvilon.
 20196 | D:11     | Noticed Grum
 20215 | D:11     | Reached skill level 12 in Fighting
 20220 | D:11     | Killed Grum
 20306 | D:11     | Noticed Lodul
 20322 | D:11     | Killed Lodul
 20767 | D:11     | Noticed Urug
 20782 | D:11     | Killed Urug
 21367 | D:12     | Reached skill level 1 in Throwing
 21384 | D:12     | Found a gate leading to a gauntlet.
 21394 | Gauntlet | Entered a Gauntlet
 21394 | Gauntlet | Found a transporter.
 21395 | Gauntlet | Noticed a dire elephant
 21397 | Gauntlet | Noticed a dire elephant
 21459 | Gauntlet | Found a transporter.
 21476 | Gauntlet | Found a transporter.
 21480 | Gauntlet | Found a transporter.
 21501 | Gauntlet | Found a transporter.
 21514 | Gauntlet | Found a transporter.
 21528 | Gauntlet | Found a transporter.
 21555 | Gauntlet | Found a transporter.
 21555 | Gauntlet | Found a transporter.
 21563 | Gauntlet | Found a transporter.
 21594 | Gauntlet | Found a transporter.
 21594 | Gauntlet | Found a transporter.
 21758 | Gauntlet | Reached skill level 5 in Invocations
 21770 | Gauntlet | Identified the +1 pair of boots of Biureo Coich {Rampage
                  | Str+3 SInv}
 22596 | D:13     | Reached skill level 13 in Fighting
 23419 | D:10     | Found a staircase to the Orcish Mines.
 23461 | D:10     | Found an iron altar of Okawaru.
 23612 | D:10     | Reached XP level 15. HP: 95/99 MP: 19/19
 23796 | Orc:1    | Entered Level 1 of the Orcish Mines
 23815 | Orc:1    | Found Hugev's Book Emporium.
 23870 | Orc:2    | Entered Level 2 of the Orcish Mines
 23923 | Orc:2    | Found a dark tunnel.
 23982 | Orc:2    | Found a staircase to the Elven Halls.
 24500 | Orc:2    | Found Rorghoonu's Antique Weapon Boutique.
 24526 | Orc:2    | Found a radiant altar of Vehumet.
 24559 | Orc:2    | Noticed Nergalle
 24573 | Orc:2    | Killed Nergalle
 24606 | Orc:2    | Found an ancient bone altar of Kikubaaqudgha.
 24655 | Orc:2    | Found Mocraps's Jewellery Boutique.
 24663 | Orc:2    | Found Cuumney's Distillery.
 24671 | Orc:2    | Found Kaull's Book Shop.
 24872 | Orc:2    | Bought the ring "Rarra" {EV+5 Slay+3} for 667 gold pieces
 25251 | Elf:1    | Entered Level 1 of the Elven Halls
 25726 | Shoals:1 | Entered Level 1 of the Shoals
 25825 | Shoals:1 | Reached skill level 14 in Fighting
 26083 | Shoals:1 | Noticed a kraken
 26517 | Shoals:1 | Killed a kraken
 26646 | Shoals:2 | Found Onean's Antique Armour Emporium.
 26677 | Shoals:2 | Noticed Polyphemus
 26847 | Shoals:2 | Reached XP level 16. HP: 97/107 MP: 22/22
 27226 | Shoals:2 | Killed Polyphemus
 27227 | Shoals:2 | Reached skill level 5 in Throwing
 28012 | Shoals:3 | Noticed Aizul
 28028 | Shoals:3 | Killed Aizul
 28126 | Shoals:3 | Reached skill level 15 in Fighting
 28680 | Shoals:4 | Entered Level 4 of the Shoals
 28900 | Shoals:4 | Identified the +6 dagger "Spiderslayer" {holy, Str+4}
 29109 | Shoals:4 | Found a runed translucent gate.
 29109 | Shoals:4 | Found a runed translucent gate.
 29109 | Shoals:4 | Found a runed translucent gate.
 29110 | Shoals:4 | Noticed SensoryNuts's ghost (journeyman HOFi)
 29177 | Shoals:4 | Noticed a kraken
 29415 | Shoals:4 | Killed a kraken
 29448 | Shoals:4 | Got a barnacled rune of Zot
 29510 | Shoals:4 | Noticed a kraken
 29536 | Shoals:4 | Got the Almanac of the Noxious Lithosphere
 29591 | Shoals:4 | Got Gompuscha's Commentary on Cold
 29853 | Shoals:4 | Killed a kraken
 29863 | Shoals:4 | Noticed a kraken
 29869 | Shoals:4 | Noticed a kraken
 29902 | Shoals:4 | Killed a kraken
 29922 | Shoals:4 | Noticed a kraken
 29956 | Shoals:4 | Killed a kraken
 30004 | Shoals:4 | Killed a kraken
 30005 | Shoals:4 | Reached XP level 17. HP: 72/115 MP: 24/24
 30585 | Shoals:3 | Killed SensoryNuts's ghost
 30586 | Shoals:3 | Reached skill level 16 in Fighting
 31007 | Temple   | Fell from the grace of Zin
 31007 | Temple   | Became a worshipper of the Shining One
 31007 | Temple   | Reached * piety under the Shining One
 31007 | Temple   | Reached ** piety under the Shining One
 31007 | Temple   | Reached *** piety under the Shining One
 31171 | Spider:1 | Entered Level 1 of the Spider Nest
 31454 | Spider:1 | Noticed Jorgrun
 31458 | Spider:1 | Identified Roxanne's Guidebook on Reconstruction
 31458 | Spider:1 | Noticed Roxanne
 31458 | Spider:1 | Reached **** piety under the Shining One
 31477 | Spider:1 | Killed Jorgrun
 31545 | Spider:1 | Found a runed translucent gate.
 31545 | Spider:1 | Found a runed translucent gate.
 31545 | Spider:1 | Found a runed translucent gate.
 31553 | Spider:1 | Noticed themarg's ghost (adept GnTm)
 32139 | Lair:2   | Killed themarg's ghost
 32195 | Spider:1 | Reached skill level 10 in Invocations
 32405 | Spider:1 | Killed Roxanne
 32750 | Spider:2 | Identified the +6 falchion "Orb Guardian's Peril" {freeze,
                  | Str+4}
 32786 | Spider:2 | Reached ***** piety under the Shining One
 32939 | Spider:2 | Identified a scroll of acquirement
 32948 | Spider:2 | Acquired the +8 broad axe of Overwhelming Force {freeze,
                  | rF- Dex+4}
 33459 | Spider:2 | Noticed Arachne
 33476 | Spider:2 | Killed Arachne
 33555 | Spider:3 | Reached skill level 5 in Shields
 33589 | Spider:3 | Found a frozen archway.
 33773 | Spider:3 | Reached skill level 17 in Fighting
 33901 | IceCv    | Entered an ice cave
 34024 | IceCv    | Reached XP level 18. HP: 123/123 MP: 25/25
 34339 | IceCv    | Noticed a shard shrike
 34373 | IceCv    | Killed a shard shrike
 35360 | Spider:4 | Entered Level 4 of the Spider Nest
 35553 | Spider:4 | Reached ****** piety under the Shining One
 35559 | Spider:4 | Reached skill level 15 in Armour
 35623 | Spider:4 | Noticed Nikola
 35934 | Spider:4 | Killed Nikola
 36176 | Spider:4 | Reached skill level 10 in Shields
 36684 | Spider:4 | Reached skill level 18 in Fighting
 36701 | Spider:4 | Got a gossamer rune of Zot
 36895 | Spider:4 | Noticed Vylera's ghost (adept DjIE)
 36906 | Spider:4 | Found a transporter.
 36910 | Spider:4 | Found a transporter.
 37446 | D:14     | Reached XP level 19. HP: 130/130 MP: 26/26
 37776 | D:14     | Noticed Kirke
 37788 | D:14     | Killed Kirke
 37919 | D:14     | Found a gate to the Vaults.
 38319 | D:14     | Identified the +10 trident "Bolefus" {protect, Str+6}
 38337 | D:14     | Got the Handbook of Ill Luck and Conjuration
 38366 | D:15     | Entered Level 15 of the Dungeon
 38812 | D:15     | Found a staircase to the Depths.
 39030 | D:15     | Identified the +3 leather armour "Zoabboje" {rC+ rN+ Will-
                  | Stlth+}
 39096 | D:15     | Found a hazy altar of Hepliaklqana.
 39654 | Elf:1    | Got the Anthology of Concussion
 40131 | Elf:2    | Found a runed translucent gate.
 40133 | Elf:2    | Found a runed translucent gate.
 40137 | Elf:2    | Found a runed translucent gate.
 40179 | Elf:2    | Paralysed by an air elemental for 1 turns
 40184 | Elf:2    | Paralysed by an air elemental for 1 turns
 40189 | Elf:2    | Paralysed by an air elemental for 1 turns
 40262 | Elf:2    | Got the Annotations on Fire
 40402 | Elf:2    | Identified a +8 broad axe of holy wrath (a +6 heavy broad
                  | axe blessed by the Shining One)
 40402 | Elf:2    | Received a gift from the Shining One
 40496 | Elf:2    | Reached XP level 20. HP: 137/137 MP: 27/29
 41094 | Elf:3    | Entered Level 3 of the Elven Halls
 41258 | Elf:3    | Reached skill level 19 in Fighting
 41646 | Elf:3    | Found an ancient bone altar of Kikubaaqudgha.
 41807 | Elf:3    | Found Kuvo's Jewellery Shop.
 41807 | Elf:3    | Found Jiomeuf's Book Shoppe.
 41808 | Elf:3    | Found Nydukor's Book Shoppe.
 41959 | Elf:3    | Identified the ring "Ulo Lada" {*Corrode AC+4 Int+9 SInv}
 42002 | Elf:3    | Identified the amulet "Tas Ceku" {Reflect rN+ Regen+ SH+5
                  | SInv}
 42085 | Elf:2    | Reached skill level 15 in Shields
 42507 | Elf:3    | Identified the +5 short sword "Cookie Cutter" {flame,
                  | Str+6}
 42516 | Elf:3    | Identified the +0 pair of gloves of Insecurity {*Corrode
                  | +Inv Regen+ Stlth+}
 42575 | Elf:3    | Identified the ring of Diquydgh {rElec rN+ rCorr Dex-4
                  | SInv}
 42587 | Elf:3    | Identified the +1 plate armour of Indomitability {Harm
                  | rElec rF+ Int+7}
 42928 | Vaults:1 | Entered Level 1 of the Vaults
 43209 | Vaults:1 | Reached XP level 21. HP: 134/145 MP: 30/30
 43712 | Vaults:1 | Reached skill level 20 in Fighting
 43962 | Vaults:1 | Found Toomnuib's Book Emporium.
 44272 | Vaults:2 | Noticed Margery
 44286 | Vaults:2 | Killed Margery
 44943 | Vaults:2 | Noticed Mennas
 45060 | Vaults:3 | Noticed Saint Roka
 45081 | Vaults:3 | Killed Saint Roka
 45483 | Vaults:3 | Noticed Boris
 45498 | Vaults:3 | Killed Boris
 45736 | Vaults:3 | Reached skill level 10 in Throwing
 45736 | Vaults:3 | Reached XP level 22. HP: 153/153 MP: 31/31
 45808 | Vaults:3 | Found Jeomitum's Book Emporium.
 45827 | Vaults:3 | Noticed Sojobo
 45833 | Vaults:3 | Paralysed by an air elemental for 1 turns
 45839 | Vaults:3 | Killed Sojobo
 46303 | Vaults:4 | Reached skill level 21 in Fighting
 46327 | Vaults:4 | Noticed Zenata
 46522 | Vaults:2 | Killed Mennas
 46915 | Vaults:2 | Found a staircase to the Crypt.
 46995 | Crypt:1  | Entered Level 1 of the Crypt
 48590 | Crypt:2  | Reached XP level 23. HP: 161/161 MP: 32/32
 48992 | Crypt:2  | Reached skill level 22 in Fighting
 49168 | Crypt:3  | Entered Level 3 of the Crypt
 49201 | Crypt:3  | Found a staircase to the Tomb.
 49619 | Crypt:3  | Identified the +1 chain mail of Gaogel {rC++ rN+}
 49717 | Crypt:3  | Found an ancient bone altar of Kikubaaqudgha.
 49757 | Crypt:3  | Identified the amulet of Okohaenn {+Inv Regen+}
 49757 | Crypt:3  | Identified the ring "Vuiras" {rN+ Int+4 Dex+5}
 50188 | Crypt:3  | Found the +8 Vampire's Tooth {megavamp}
 50212 | Crypt:3  | Identified the +4 hand axe "Peadghao" {holy, Contam rPois
                  | Will+++ Str+4}
 50723 | Slime:1  | Entered Level 1 of the Pits of Slime
 52031 | Slime:3  | Gained mutation: You occasionally lose the ability to drink
                  | potions when taking damage. [a shining eye]
 52038 | Slime:3  | Gained mutation: You are frail. (-10% HP) [a shining eye]
 52040 | Slime:3  | Gained mutation: You occasionally lose the ability to read
                  | scrolls when taking damage. [a shining eye]
 52182 | Slime:2  | Gained mutation: You possess an exceptional clarity of
                  | mind. [a shining eye]
 52242 | Slime:1  | Noticed Donald
 52326 | Slime:1  | Killed Donald
 52633 | Slime:3  | You are sucked into a shaft and drop 1 floor!
 52643 | Slime:4  | Reached XP level 24. HP: 153/153 MP: 32/32
 52650 | Slime:4  | Reached skill level 23 in Fighting
 52915 | Slime:5  | Entered Level 5 of the Pits of Slime
 52924 | Slime:5  | Lost mutation: You possess an exceptional clarity of mind.
                  | [a shining eye]
 52928 | Slime:5  | Gained mutation: You are weak. (Str -2) [a shining eye]
 52933 | Slime:5  | Gained mutation: Your magical capacity is low. (-10% MP) [a
                  | shining eye]
 53662 | Slime:5  | Found a viscous altar of Jiyva.
 53663 | Slime:5  | Noticed the Royal Jelly
 55959 | Slime:5  | Found the amulet of Vitality {RegenMP++ Regen++}
 56519 | Slime:5  | Killed the Royal Jelly
 56773 | Slime:5  | Got a slimy rune of Zot
 56791 | Slime:5  | Got Najais's Compendium of Topomancy
 56804 | Slime:5  | Identified the +1 leather armour "Inorphuki" {+Blink Str+4}
 56810 | Slime:5  | Identified the +9 sling of the Egg {drain, Fly rPois rC+++
                  | Dex-3}
 56813 | Slime:5  | Identified the amulet "Ekitwuti" {Reflect Will+ SH+5}
 56833 | Slime:5  | Identified the +1 cloak of Naed {rN+ Will- rCorr Int+3}
 57280 | Lair:4   | Upgraded the game from 0.30-a0-652-gcc886f7154 to
                  | 0.30-a0-672-gc3a7216ad8
 58421 | Vaults:4 | Killed Zenata
 58904 | Vaults:4 | Reached skill level 24 in Fighting
 58958 | Vaults:5 | Entered Level 5 of the Vaults
 59100 | Vaults:5 | Noticed Frederick
 59121 | Vaults:5 | Reached XP level 25. HP: 107/160 MP: 20/28
 59235 | Vaults:5 | Killed from afar by a quicksilver dragon

Illustrated notes

Levels and vault maps discovered:
D:1:      wander_arrival_estate, layout_loops_ring, serial_forest,
          infiniplex_forest_end_2, infiniplex_forest_lined_3_way,
          infiniplex_forest_straight_2, infiniplex_forest_end_2,
          chequers_ecumenical_altar_grove
D:2:      layout_rooms, hex_medium
D:3:      layout_basic, serial_shops, nicolae_shop_waterfront,
          minmay_misc_feat_x
D:4:      layout_layer_cave, kennysheep_mini, bloody_trog
D:5:      layout_gridville, mainiacjoe_overflow_alcove_4, fedhas_altar_4,
          slow_altar_1, temple_doors_ab, ebering_ghost_rock_garden
D:6:      layout_cave_pods, nicolae_wu_jian_glorious_leap, kennysheep_mini_moat,
          uniq_duvessa
D:7:      layout_basic
D:8:      layout_loops_ring, mainiacjoe_overflow_catwalk, makhleb_grotto_becter,
          minmay_misc_feat_columns
D:9:      layout_basic, marbit_many_paths
D:10:     layout_loops_cross, old_standard_altar, lemuel_coloured_pillars_altar,
          orc_0_dummy, kb_rosetta
D:11:     layout_loops_ring, serial_rivers, chequers_serial_rivers_micro_e,
          chequers_serial_rivers_small_a, chequers_serial_rivers_room_a,
          chequers_serial_rivers_small_a, chequers_serial_rivers_micro_b,
          chequers_serial_rivers_small_3, uniq_urug, uniq_grum, uniq_lodul
D:12:     layout_rooms, gauntlet_entry_generic
D:13:     layout_grid_maze, minivault_23
D:14:     layout_loops_ring, hangedman_vaults_entry_quadrant_bands,
          roderic_lattice_a, minmay_pinched_square, uniq_kirke
D:15:     gammafunk_depths_entry_grave, layout_loops_cross,
          nzn_hepliaklqana_mist_gate, reono_crystal_passage
Temple:   dpeg_chambers_temple
Lair:1:   layout_long_grid
Lair:2:   layout_layer_cave, spider_nest_entry_webs, gammafunk_ghost_hive,
          minivault_11, gammafunk_lair_bear_cave
Lair:3:   layout_regular_city, minmay_shoals_entry_hut, bh_autumn_forest_stairs,
          grunt_megastairs_4, uniq_nessos
Lair:4:   layout_misc_corridors, dpeg_slime_entry_corner, st_stairs_3
Lair:5:   evilmike_catoblepas_cave, layout_small_grid, infiniplex_staircase_pool
Shoals:1: layout_shoals
Shoals:2: layout_shoals, nicolae_take_the_stairs, uniq_polyphemus
Shoals:3: layout_shoals, uniq_aizul
Shoals:4: shoals_end_hangedman, layout_shoals, gammafunk_ghost_necromancy,
          nicolae_shoals_land_atoll, nicolae_shoals_kraken_party
Spider:1: layout_spider_delve, gammafunk_ghost_split, uniq_jorgrun, uniq_roxanne
Spider:2: layout_chambers, uniq_arachne
Spider:3: layout_spider_delve, portal_ice_cave_entry_pillars_2,
          hangedman_stitches_earthworm
Spider:4: hellmonk_spider_rune_endless_swarm, gammafunk_ghost_arena,
          hellmonk_test_site, uniq_nikola
Slime:1:  layout_caves, uniq_donald
Slime:2:  layout_caves, cheibrodos_slime_lost_civilization_7
Slime:3:  layout_caves
Slime:4:  layout_caves
Slime:5
Orc:1:    layout_diamond_mine, serial_shops, nicolae_shop_statue_plus,
          lemuel_statue_altar
Orc:2:    kennysheep_orc_mage_school, layout_diamond_mine, enter_volcano_2
Elf:1:    nicolae_elf_arrival_no_cutting_in_line, layout_gridlike,
          minmay_elf_annihilation
Elf:2:    elven_hall_of_blades_hangedman_original
          [nicolae_vaults_blade_armed_guards], layout_geoelf_diagonals,
          nicolae_elf_loose_elemental_storage
Elf:3:    minmay_elf_hall, layout_geoelf_grid, basic_altar, minmay_shop_grove
Vaults:1: hangedman_vaults_stitches, nicolae_vaults_twisting_passages,
          vaults_standard_mumra_lines, nicolae_vaults_alarming,
          nicolae_vaults_network_periphery, v_misc_28, ontoclasm_vaults_tryst,
          ontoclasm_vaults_loading_screen, vaults_room_guarded_vault,
          nicolae_vaults_specimen_jars, layout_vaults_ring, serial_shops, shop
Vaults:2: vaults_room_octagon, nicolae_vaults_mini_display_case,
          minmay_crypt_entry_simple_box, vaults_dpeg_ring,
          ontoclasm_vaults_chip, ontoclasm_vaults_eye, v_misc_13,
          hangedman_vaults_slice, layout_vaults_quadrants, uniq_margery,
          uniq_mennas
Vaults:3: v_misc_2, nicolae_vaults_little_squares_5,
          vaults_room_grunt_arrival_ludios, grunt_vaults_hallway_long,
          vaults_mumra_bighexcomb, nicolae_vaults_circle_grid_a,
          ontoclasm_vaults_decontamination, v_misc_14,
          layout_vaults_chaotic_city, serial_shops, nicolae_shop_stone,
          serial_glass, uniq_boris, uniq_saint_roka, uniq_sojobo
Vaults:4: st_squares, hangedman_vaults_unwind, vaults_mumra_minichess_inversion,
          hangedman_vaults_hat, nicolae_vaults_network_square, v_misc_29,
          v_pattern_3, vaults_dpeg_diagonal, nicolae_vaults_diagonal_hallway_6,
          v_misc_23, nicolae_vaults_rhombus_5, vaults_room_stairs_pillars,
          layout_vaults_maze_bifur, uniq_zenata
Vaults:5: uniq_frederick
Crypt:1:  layout_misc_corridors, palyth_stone_intersect
Crypt:2:  layout_chaotic_city, grunt_megastairs_3, uniq_grunn
Crypt:3:  church_of_pain_bobbens, layout_chaotic_city,
          tomb_entry_forgotten_bobbens

Skill      XL: |  1  2  3  4  5  6  7  8  9 10 11 12 13 14 15 16 17 18 19 20 21 22 23 24 25 |
---------------+----------------------------------------------------------------------------+-----
Axes           | 2 3 4 5 6 9 11 12 14 15 16 17 18 19 20 | 20.0
Dodging        | 1 2 3 4 5 |  5.0
Fighting       | 4 5 6 8 9 11 13 14 15 17 18 19 20 21 22 24 | 24.3
Armour         | 4 5 8 9 10 11 12 13 14 15 16 17 18 19 21 22 | 22.7
Shields        | 4 6 10 13 15 16 18 19 20 21 | 21.2
Invocations    | 6 8 9 10 12 | 12.0
Throwing       | 2 4 6 7 8 10 | 10.0

Action                   |  1- 3 |  4- 6 |  7- 9 | 10-12 | 13-15 | 16-18 | 19-21 | 22-24 | 25-27 || total
-------------------------+-------+-------+-------+-------+-------+-------+-------+-------+-------++-------
Melee: War axe           |   136 |   160 |   292 |       |       |       |       |       |       ||   588
       Battleaxe         |       |       |     4 |   469 |   864 |   418 |       |       |       ||  1755
       Lajatang          |       |       |       |       |     4 |       |       |       |       ||     4
       Scimitar          |       |       |       |       |    31 |       |       |       |       ||    31
       Executioner's axe |       |       |       |       |       |   323 |   269 |       |       ||   592
       Broad axe         |       |       |       |       |       |   534 |   909 |  1624 |    80 ||  3147
       Punch             |       |       |       |       |       |       |     1 |       |       ||     1
Throw: Boomerang         |       |       |     5 |       |     2 |       |       |       |       ||     7
       Javelin           |       |       |       |       |       |    10 |       |       |       ||    10
Invok: Recite            |       |       |     1 |     2 |    15 |     1 |       |       |       ||    19
       Vitalisation      |       |       |       |       |    12 |    13 |       |       |       ||    25
       Cleansing Flame   |       |       |       |       |       |     2 |       |     1 |       ||     3
       Summon Divine War |       |       |       |       |       |     1 |       |     6 |     1 ||     8
       Divine Shield     |       |       |       |       |       |     1 |       |     3 |       ||     4
       Brand Weapon With |       |       |       |       |       |       |     1 |       |       ||     1
Evoke: Wand              |       |       |       |     1 |    14 |       |       |       |       ||    15
  Use: Scroll            |     4 |     7 |     5 |    11 |    10 |     8 |     4 |    11 |       ||    60
       Potion            |       |     3 |       |     3 |     2 |     3 |     3 |     6 |       ||    20
 Stab: Confused          |       |       |       |       |     8 |       |       |       |       ||     8
       Paralysed         |       |       |       |       |     5 |       |       |       |       ||     5
Armor: Scale mail        |    65 |   116 |   163 |   216 |    25 |       |       |       |       ||   585
       Plate armour      |       |       |       |       |   693 |   811 |   478 |   664 |    24 ||  2670
Dodge: Dodged            |    68 |    69 |   163 |   423 |   794 |   882 |   469 |   405 |    21 ||  3294
       Repelled          |       |       |       |       |       |       |    19 |    28 |     2 ||    49
Block: Buckler           |    25 |    19 |    56 |       |       |       |       |       |       ||   100
       Tower shield      |       |       |       |       |       |   437 |   837 |  1722 |   101 ||  3097
       Reflection        |       |       |       |       |       |       |    51 |    54 |     8 ||   113

Table legend: (Time is in decaauts)
 A = Elapsed time spent in this place.
 B = Non-inter-level travel time spent in this place.
 C = Inter-level travel time spent in this place.
 D = Time resting spent in this place.
 E = Time spent auto-exploring this place.
 F = Levels seen in this place.
 G = Mean time per level.
                   A        B        C        D        E       F      G
               +--------+--------+--------+--------+--------+-----+--------+
         Total |  58974 |  51587 |   7387 |   9069 |  28544 |  49 | 1203.6 |
       Dungeon |  18172 |  15222 |   2950 |   2257 |   9460 |  15 | 1211.5 |
        Temple |    306 |    218 |     88 |      0 |    204 |   1 |  306.0 |
          Lair |   9791 |   8112 |   1679 |   1856 |   4660 |   5 | 1958.2 |
        Shoals |   4959 |   4773 |    186 |    956 |   2460 |   4 | 1239.8 |
   Spider Nest |   4819 |   4619 |    200 |    774 |   2351 |   4 | 1204.8 |
    Slime Pits |   4737 |   4464 |    273 |   1452 |   1546 |   5 |  947.4 |
  Orcish Mines |   1866 |   1198 |    668 |     72 |    793 |   2 |  933.0 |
   Elven Halls |   3993 |   3375 |    618 |    592 |   1518 |   3 | 1331.0 |
        Vaults |   5515 |   5014 |    501 |    246 |   3188 |   5 | 1103.0 |
         Crypt |   3371 |   3151 |    220 |    661 |   1651 |   3 | 1123.7 |
      Ice Cave |    953 |    953 |      0 |    202 |    451 |   1 |  953.0 |
      Gauntlet |    488 |    488 |      0 |      0 |    261 |   1 |  488.0 |
               +--------+--------+--------+--------+--------+-----+--------+

Top non-repeatable levels by time:
  Lair:5: 2670 daAuts
     D:9: 2117 daAuts
  Lair:2: 2066 daAuts
  Lair:3: 2022 daAuts
     D:6: 1775 daAuts
Shoals:4: 1710 daAuts
    D:10: 1671 daAuts
  Lair:4: 1652 daAuts
   Elf:2: 1608 daAuts
 Slime:5: 1543 daAuts
     D:5: 1507 daAuts
   Elf:3: 1507 daAuts
     D:8: 1506 daAuts
Vaults:1: 1504 daAuts
   Orc:2: 1484 daAuts
